 Dungeon Crawl Stone Soup version 0.28.0-43-g3370ac3207 (webtiles) character file.

Game seed: 16990339543352555997

273 protoss039 the Magician (level 6, -1/33 HPs)
             Began as a Deep Elf Earth Elementalist on Mar 17, 2022.
             Slain by Edmund
             ... wielding a +5 flail of holy wrath
              (12 damage)
             ... on level 4 of the Dungeon.
             The game lasted 00:04:58 (4614 turns).

protoss039 the Magician (DEEE)                      Turns: 4614, Time: 00:04:58

Health: -1/33      AC:  3    Str:  5    XL:     6   Next: 3%
Magic:  14/16      EV: 13    Int: 22    God:
Gold:   66         SH:  0    Dex: 15    Spells: 3/16 levels left

rFire   . . .      SeeInvis .   m - +3 quarterstaff (chaos)
rCold   . . .      Faith    .   (shield currently unavailable)
rNeg    . . .      Spirit   .   b - +0 robe
rPois   +          Reflect  .   (no helmet)
rElec   .          Harm     .   n - +0 cloak
rCorr   .          Rampage  .   (no gloves)
Will    .....                   (no boots)
Stlth   ++........              (no amulet)
HPRegen 0.11/turn               q - ring of poison resistance
MPRegen 0.15/turn               (no ring)

@: no status effects
A: no striking features
a: no special abilities


You were on level 4 of the Dungeon.
You visited 1 branch of the dungeon, and saw 4 of its levels.

You collected 66 gold pieces.

Inventory:

Hand Weapons
 m - a +3 quarterstaff of chaos (weapon)
 t - a +0 dagger of flaming
Missiles
 c - 79 stones
 l - a throwing net
Armour
 b - a +0 robe (worn)
 n - a +0 cloak (worn)
Jewellery
 q - a ring of poison resistance (left hand)
 u - an amulet of regeneration
Wands
 r - a wand of flame (20)
Scrolls
 d - a scroll of immolation
 e - 2 scrolls of noise {unknown}
 g - a scroll of fog {unknown}
 i - a scroll of fear {unknown}
 j - a scroll of vulnerability {unknown}
 k - a scroll of amnesia {unknown}
 p - a scroll of blinking {unknown}
Potions
 a - 2 potions of flight {unknown}
 f - a potion of haste {unknown}
 h - a potion of curing {unknown}
 o - a potion of cancellation {unknown}
 s - a potion of degeneration {unknown}


   Skills:
 * Level 0.5 Fighting
 - Level 1.1 Short Blades
 - Level 3.0 Dodging
 - Level 3.0 Stealth
 + Level 5.9 Spellcasting
 + Level 1.1 Transmutations
 + Level 5.2 Earth Magic


You had 3 spell levels left.
You knew the following spells:

 Your Spells              Type           Power      Damage    Failure   Level
a - Sandblast             Erth           58%        2d13      1%          1
b - Passwall              Tmut/Erth      16%        N/A       3%          2
c - Stone Arrow           Conj/Erth      36%        3d9       10%         3
d - Petrify               Tmut/Erth      20%        N/A       26%         4
e - Vampiric Draining     Necr           6%         2d6       28%         3

Your spell library contained the following spells:

 Spells                   Type           Power      Damage    Failure   Level
 Animate Skeleton         Necr           12%        N/A       10%         1
 Pain                     Necr           24%        1d5       10%         1
 Tukima's Dance           Hex            6%         N/A       28%         3
 Anguish                  Hex/Necr       3%         N/A       67%         4
 Enfeeble                 Hex            3%         N/A       100%        7


Dungeon Overview and Level Annotations

Branches:
Dungeon (4/15)
 Temple: D:4-7

Altars:
Fedhas

Annotations:
D:4 Edmund


Message History

Confirm with . or Enter, or press ? or * to list all spells.
The spell is quite dangerous to miscast (10% risk of failure)!
Continue anyway?
Aiming: Stone Arrow (quite dangerous; 10% risk of failure)
Press: ? - help, Shift-Dir - straight line, f - you
Okay, then.
Aiming: Sandblast (safe; 1% risk of failure)
Press: ? - help, Q - select action, (/) - cycle Shift-Dir - straight line, f - you
Okay, then.
Casting: Sandblast (safe; 1% risk of failure)
Confirm with . or Enter, or press ? or * to list all spells.
The spell is extremely dangerous to miscast (26% risk of failure)!
Continue anyway?
Okay, then.
Casting: Petrify (extremely dangerous; 26% risk of failure)
Confirm with . or Enter, or press ? or * to list all spells.
Aiming: Sandblast (safe; 1% risk of failure)
Press: ? - help, Shift-Dir - straight line, f - Edmund
Aim: Edmund, wielding a +5 flail of holy wrath and wearing a +0 chain mail (86% to hit)
The blast of sand hits Edmund but does no damage.
Casting: Sandblast (safe; 1% risk of failure)
Confirm with . or Enter, or press ? or * to list all spells.
Aiming: Sandblast (safe; 1% risk of failure)
Press: ? - help, Shift-Dir - straight line, f/p - Edmund
Aim: Edmund, wielding a +5 flail of holy wrath and wearing a +0 chain mail (86% to hit)
The blast of sand hits Edmund.
Edmund is lightly wounded.
You sock Edmund!
Edmund seems to speed up.
Edmund is moderately wounded.
Edmund misses you.
Edmund says, "People think my brother is the best.
I think he's crazy."
Edmund hits you with a +5 flail of holy wrath!
You barely miss Edmund.
Edmund is moderately wounded.
Edmund hits you with a +5 flail of holy wrath!
Edmund hits you with a +5 flail of holy wrath.
Okay, then.
As you read the scroll labelled GABBULIVAEPN, it crumbles to dust.
The creatures around you are filled with an inner flame!
It was a scroll of immolation.
Edmund hits you with a +5 flail of holy wrath!
You die...

#.#####.########.###.#
#....##.#........# #.#
#.##......######.###.#
#.......### #†....#
#.####### #.##### #.#
#.# ##.## #.# ##...##
#########.# #.....##
......@@..# .......#
....##......# #.....##
. #.##.#$# #....## .<
#. ..#.# #.#.## .. #.
#.# # #.####### .# ..
... .<......##.## #.
### ...####.#...# #.
...####†#.#.###


You could see Edmund (fast, inner flame).

Vanquished Creatures
  The ghost of FLACIDUS the Digger, an amateur GrEE (D:3)
  A centaur zombie (D:4)
  Crazy Yiuf (D:2)
  Ijyb (D:4)
  6 adders
  A worm (D:3)
  2 dart slugs (D:2)
  4 orcs
  6 ball pythons
  3 endoplasms
  3 giant cockroaches
  4 goblins
  4 hobgoblins
  2 quokkas
  12 bats
  A frilled lizard (D:2)
  3 kobolds
  3 rats (D:2)
58 creatures vanquished.

Vanquished Creatures (others)
  2 withered plants (D:3)
2 creatures vanquished.

Grand Total: 60 creatures vanquished

Notes
Turn   | Place    | Note
-------+----------+-------------------------------------------
     0 | D:1      | protoss039 the Deep Elf Earth Elementalist began the quest
                  | for the Orb.
     0 | D:1      | Reached XP level 1. HP: 10/10 MP: 6/6
   442 | D:1      | Reached XP level 2. HP: 10/15 MP: 5/8
  1234 | D:1      | Learned a level 2 spell: Passwall
  1578 | D:2      | Reached XP level 3. HP: 19/19 MP: 10/10
  1827 | D:2      | Found a runed translucent door.
  1828 | D:2      | Noticed Crazy Yiuf
  2550 | D:2      | Killed Crazy Yiuf
  2551 | D:2      | Reached skill level 1 in Short Blades
  2551 | D:2      | Reached XP level 4. HP: 24/24 MP: 7/12
  2616 | D:2      | Learned a level 3 spell: Stone Arrow
  2621 | D:2      | Learned a level 4 spell: Petrify
  2849 | D:3      | Found a runed translucent door.
  2850 | D:3      | Noticed FLACIDUS's ghost (amateur GrEE)
  2873 | D:3      | Found a blossoming altar of Fedhas.
  3174 | D:3      | Reached XP level 5. HP: 10/28 MP: 10/14
  3610 | D:3      | Found a faded altar of an unknown god.
  3777 | D:3      | Killed FLACIDUS's ghost
  3778 | D:3      | Reached skill level 5 in Spellcasting
  3778 | D:3      | Reached skill level 5 in Earth Magic
  4068 | D:3      | Learned a level 3 spell: Vampiric Draining
  4133 | D:4      | Noticed Ijyb
  4148 | D:4      | Killed Ijyb
  4153 | D:4      | Reached XP level 6. HP: 7/33 MP: 13/16
  4607 | D:4      | Noticed Edmund
  4614 | D:4      | Slain by Edmund

Illustrated notes

Levels and vault maps discovered:
D:1:      sevenhm_arrival_forest_fort_small_5, layout_loops_ring, minivault_25
D:2:      layout_loops_corners, uniq_crazy_yiuf_cottage
D:3:      layout_basic, fedhas_ov_isle_minmay, gammafunk_ghost_grave,
          dreamdust_ecumenical_altar_statues
D:4:      layout_loops_cross, nicolae_yredelemnul_ghost_church, uniq_ijyb,
          uniq_edmund

Skill      XL: |  1  2  3  4  5 |
---------------+----------------+-----
Stealth        | 3 |  3.0
Dodging        | 3 |  3.0
Earth Magic    | 4 5 |  5.2
Short Blades   | 1 |  1.1
Spellcasting   | 4 5 |  5.9
Fighting       | |  0.5
Transmutations | |  1.1

Action                   |  1- 3 |  4- 6 || total
-------------------------+-------+-------++-------
Melee: Unarmed           |    17 |       ||    17
       Spear             |     7 |       ||     7
       Dagger            |    28 |       ||    28
       Punch             |     1 |       ||     1
       Quarterstaff      |       |    49 ||    49
 Cast: Sandblast         |    33 |    16 ||    49
  Use: Scroll            |       |     1 ||     1
 Stab: Sleeping          |    12 |     4 ||    16
       Paralysed         |       |     3 ||     3
Armor: Robe              |    16 |    10 ||    26
Dodge: Dodged            |    50 |    26 ||    76
